AoeStats
← Хияр

MegaRandom

504436302Analyzed
2v2 RM · 29d ago on Sep 5, 2026· 42m 16s· 4 players
Game mode
Random Map
Map size
Medium (4 player)
Population
200
Speed
Normal
Resources
Standard
Victory
Conquest
Starting age
Dark Age
Ending age
Imperial Age
RankedLock teamsTeams togetherTeam positionsShared explorationLock speedFull tech treeHidden civsTurbo modeCheats
Victory
Defeat
🇲🇽 Khmer · Mexico
918
+15
🇲🇽 Mongols · Mexico
901
+15
🇮🇹 Persians · Italy
921
-34
🇪🇬 Vikings · Egypt
865
-14
Хияр
11:09 Feudal Age
15:15 Man-at-Arms
15:41 Arson
15:49 Double-Bit Axe
15:47 Horse Collar
16:01 Gold Mining
16:02 Stone Mining
16:30 Scale Mail Armor
21:38 Wheelbarrow
21:46 Wheelbarrow
22:31 Forging
27:31 Castle Age
27:29 Long Swordsman
27:55 Gambesons
28:11 Squires
28:26 Heavy Plow
28:40 Bow Saw
38:27 Padded Archer Armor
38:18 Fletching
38:45 Chain Mail Armor
39:05 Iron Casting
42:32 Imperial Age
41:59 Gold Shaft Mining
Лёлик
11:34 Feudal Age
11:37 Man-at-Arms
12:14 Double-Bit Axe
15:48 Scale Mail Armor
16:53 Fishing Lines
21:47 Loom
25:02 Castle Age
25:55 Bow Saw
25:27 Horse Collar
27:14 Treadmill Crane
29:07 Forging
30:15 Fletching
31:01 Iron Casting
30:41 Chain Mail Armor
30:29 Town Watch
30:40 Gold Mining
30:44 Stone Mining
31:18 Heavy Plow
31:00 Long Swordsman
31:26 Gambesons
31:26 Arson
31:42 Squires
31:31 Arson
34:26 Chieftains
40:03 Gold Shaft Mining
41:31 Town Patrol
XJerkX
0:29 Loom
11:10 Feudal Age
12:50 Double-Bit Axe
19:38 Castle Age
18:03 Fishing Lines
19:24 Gold Mining
20:49 Bow Saw
23:36 Gold Shaft Mining
22:51 Stone Mining
23:46 Gillnets
24:49 Medium Warships
25:27 Fletching
27:05 Padded Archer Armor
28:32 Bodkin Arrow
30:46 Town Watch
31:37 Wheelbarrow
31:55 Stone Shaft Mining
33:04 Hand Cart
32:51 Town Patrol
36:33 Imperial Age
34:41 Ballistics
35:28 Thumb Ring
35:42 Leather Archer Armor
35:32 Scale Barding Armor
37:41 Parthian Tactics
36:36 Heavy Cavalry Archer
37:21 Bracer
38:36 Chemistry
38:02 Conscription
jd_buhos
10:50 Feudal Age
12:25 Wheelbarrow
24:02 Castle Age
29:18 Imperial Age
28:13 Medium Warships
31:23 Demolition Ship
34:49 Hand Cart
40:24 Fletching
40:39 Tusk Swords
43:25 Chemistry
42:46 Ballistics
42:23 Bodkin Arrow
Connection lost

Rejoining the realm…

Still unreachable

The connection could not be restored.

Session expired

The server has moved on; the page needs a fresh start.